 Dungeon Crawl Stone Soup version 0.30.0 (webtiles) character file.

Game seed: 3619826604212362976

33415 jasper the Severer (level 13, -13/128 HPs)
             Began as a Hill Orc Cinder Acolyte on May 6, 2023.
             Was an Initiate of Ignis.
             Mangled by a two-headed ogre
             ... wielding a +0 giant spiked club
              (16 damage)
             ... on level 11 of the Dungeon.
             The game lasted 00:21:45 (15611 turns).

jasper the Severer (Hill Orc Cinder Acolyte)       Turns: 15611, Time: 00:21:45

Health: -13/128    AC: 28    Str: 22    XL:     13   Next: 70%
Magic:  14/14      EV:  8    Int: 14    God:    Ignis [......]
Gold:   498        SH:  0    Dex:  6    Spells: 14/14 levels left

rFire   + . .        B - +0 war axe
rCold   . . .        (no shield)
rNeg    + . .        Y - +0 plate armour
rPois   .            r - +2 hat
rElec   .            Z - +0 cloak
rCorr   .            L - +0 pair of gloves
SInv    .            G - +3 pair of boots "Gevif" {Regen+ Stlth+}
Will    .....        (no amulet) Stlth
                     c - ring of positive energy
HPRegen 1.21/turn    b - +4 ring of protection
MPRegen 0.14/turn

%: no passive effects
@: no status effects
A: no striking features
a: Renounce Religion


You were on level 11 of the Dungeon.
You worshipped Ignis.
Ignis was noncommittal.
You visited 3 branches of the dungeon, and saw 16 of its levels.
You also visited: Sewer and Ice Cave.

You collected 979 gold pieces.
You spent 481 gold pieces at shops.

Inventory:

Hand Weapons
 a - a -1 hand axe of flaming
 B - a +0 war axe (weapon)
Missiles
 e - 170 stones
 n - 47 poisoned darts (quivered)
 C - a boomerang
Armour
 h - an orb of mayhem
 r - a +2 hat (worn)
 G - the +3 pair of boots "Gevif" (worn) {Regen+ Stlth+}
   (You found it on level 8 of the Dungeon)

   Regen:     It increases your rate of health regeneration.
   Stlth:     It makes you more stealthy.
 L - a +0 pair of gloves (worn)
 Y - a +0 plate armour (worn)
 Z - a +0 cloak (worn)
Jewellery
 b - a +4 ring of protection (right hand)
 c - a ring of positive energy (left hand)
 v - a +6 ring of strength
 z - a ring of positive energy
 A - an amulet of magic regeneration
 S - a ring of resist corrosion
 U - a +6 ring of intelligence
 V - a ring of flight
Wands
 m - a wand of roots (7)
 t - a wand of flame (2)
 H - a wand of polymorph (12)
Scrolls
 i - 6 scrolls of teleportation {unknown}
 j - a scroll of vulnerability {unknown}
 k - 2 scrolls of magic mapping {unknown}
 l - 2 scrolls of enchant armour {unknown}
 o - 6 scrolls of identify {unknown}
 u - a scroll of torment {unknown}
Potions
 d - a potion of curing {unknown}
 f - a potion of invisibility {unknown}
 p - a potion of haste {unknown}
 q - 2 potions of ambrosia {unknown}
 s - a potion of cancellation {unknown}
Miscellaneous
 g - a phial of floods
 P - a phantom mirror


   Skills:
 * Level 15.6 Fighting
 - Level 16.8 Axes
 - Level 2.0 Throwing
 + Level 10.9 Armour
 + Level 6.8 Dodging
 - Level 1.0 Spellcasting
 - Level 3.2 Fire Magic
 - Level 6.0 Evocations


You had 14 spell levels left.
You didn't know any spells.
Your spell library contained the following spells:

 Spells                   Type           Power      Damage    Failure   Level
 Scorch                   Fire           18%        2d5       78%         2
 Magic Dart               Conj           0%         1d3       97%         1
 Sandblast                Erth           0%         2d4       97%         1
 Sting                    Tmut/Pois      0%         1d3       97%         1
 Cigotuvi's Dreadful Rot  Necr/Pois/Air  0%         N/A       99%         2
 Ensorcelled Hibernation  Hex/Ice        0%         N/A       99%         2
 Passwall                 Tmut/Erth      0%         N/A       99%         2
 Poisonous Vapours        Pois/Air       0%         N/A       99%         2
 Searing Ray              Conj           0%         2d4       99%         2
 Ignite Poison            Fire/Tmut/Pois 3%         N/A       99%         3
 Volatile Blastmotes      Fire/Tloc      10%        2d10      99%         3
 Call Canine Familiar     Summ           0%         N/A       100%        3
 Dazzling Flash           Conj/Hex       0%         N/A       100%        3
 Portal Projectile        Hex/Tloc       0%         N/A       100%        3
 Stone Arrow              Conj/Erth      0%         3d7       100%        3
 Swiftness                Air            0%         N/A       100%        3
 Tukima's Dance           Hex            0%         N/A       100%        3
 Dispel Undead            Necr           0%         3d6       100%        4
 Fulminant Prism          Conj/Hex       0%         3d5       100%        4
 Iskenderun's Mystic Bla  Conj/Tloc      0%         2d3       100%        4
 Leda's Liquefaction      Hex/Erth       0%         N/A       100%        4
 Olgreb's Toxic Radiance  Pois           0%         N/A       100%        4
 Blade Hands              Tmut           0%         N/A       100%        5
 Freezing Cloud           Conj/Ice/Air   0%         6-21      100%        5
 Death Channel            Necr           0%         N/A       100%        6
 Starburst                Conj/Fire      2%         6d3       100%        6


Dungeon Overview and Level Annotations

Branches:
Dungeon (11/15)            Temple (0/1) D:6            Lair (4/5) D:8
  Swamp (0/4) Lair:3        Slime (0/5) Lair:4          Orc (1/2) D:11
  Sewer (visited)           IceCv (visited)
  Snake: Lair:2-3    Spider: Lair:2-3

Altars:
Dithmenos
Elyvilon
Gozag
Hepliaklqana
Kikubaaqudgha
Qazlal
Wu Jian
The Shining One

Shops:
D:3 =   D:7 *   D:8 :   D:9 *

Annotations:
D:5 1 transporter, Exaltedone87's ghost, novice DsGl
D:7 1 runed translucent door


Message History

The ogre hits you with a +0 giant club.
You slash the two-headed ogre!
The two-headed ogre is almost dead.
You hit the two-headed ogre. You hit the ogre. You hit the two-headed ogre.
The two-headed ogre hits you with a +0 giant spiked club!
The two-headed ogre barely misses you.
The two-headed ogre hits you with a +0 giant club! x2
You slice the two-headed ogre!!
You kill the two-headed ogre!
You hit the ogre.
You hit the two-headed ogre but do no damage.
You hit the two-headed ogre. The two-headed ogre closely misses you.
The two-headed ogre hits you with a +0 giant club.
* * * LOW HITPOINT WARNING * * *
The ogre hits you with a +0 giant club!
* * * LOW HITPOINT WARNING * * *
Your phantom mirror has recharged.
You slash the ogre!
The ogre is heavily wounded.
You hit the two-headed ogre but do no damage.
You slash the two-headed ogre! The two-headed ogre barely misses you.
The two-headed ogre hits you with a +0 giant club!
* * * LOW HITPOINT WARNING * * *
You hit the ogre.
The ogre is severely wounded.
You hit the two-headed ogre but do no damage.
You slash the two-headed ogre!
The two-headed ogre hits you but does no damage. x2
The ogre hits you with a +0 giant club!
* * * LOW HITPOINT WARNING * * *
You hit the ogre.
The ogre is almost dead.
You barely miss the two-headed ogre. x2; The two-headed ogre barely misses you.
The two-headed ogre misses you.
You barely miss the ogre.
The ogre is almost dead.
You hit the two-headed ogre. x2
You kill the two-headed ogre!
The two-headed ogre hits you with a +0 giant spiked club!
You die...

..#...)......#........##'######..
..#..........#........#..........
..#..###....##........#..........
..#..###....##...####'#..........
..#...#..........#...............
###...#..........#...............
......#..........#.....########..
......#........))O.....+..#...#..
......#........)@[.....#..#.).#..
.##...#.....##..O[.....#..#...#..
.##...#.....##...#...).'..#...#..
.....##.....##...#.)..<#..#...#..
.....##.....##...#.....#'###..#..
.............#...#.....#..##..#..
.............'...#.....#...#..#..
..##'#############.....#...#..'..
#'#### #..........'...#..#..


You could see a two-headed ogre and an ogre.

Vanquished Creatures
  Gastronok (D:9)
  A hydra (Lair:2)
  A catoblepas (Lair:2)
  A boulder beetle (D:11)
  Erica (Lair:1)
  2 centaur warriors
  5 two-headed ogres
  Nergalle (D:11)
  Pikel (D:9)
  An ugly thing (D:11)
  8 elephants (Lair:2)
  A cyclops (D:11)
  2 black mambas
  6 cane toads
  Psyche (D:11)
  7 komodo dragons
  A rime drake (Lair:1)
  3 polar bears
  A troll (D:11)
  2 hornets (D:9)
  12 blink frogs
  Sigmund (D:6)
  A shadow (D:9)
  A wyvern (Lair:1)
  A vampire (D:11)
  A wraith (D:11)
  4 basilisks
  40 yaks
  A fire elemental (Lair:2)
  A steam dragon (D:10)
  A death yak simulacrum (IceCv)
  3 wargs
  An acid dragon (D:11)
  Duvessa (D:4)
  5 water moccasins
  3 orc warriors
  3 sky beasts
  3 ice beasts
  3 black bears
  5 wolves
  4 ogres
  3 centaurs
  A lemure (D:9)
  2 phantoms (D:6)
  4 kobold brigands
  5 bullfrogs
  6 scorpions
  A gnoll sergeant (D:11)
  A cane toad simulacrum (IceCv)
  4 wights (D:9)
  Dowan (D:4)
  An elephant simulacrum (IceCv)
  8 killer bees
  2 howler monkeys
  2 electric eels (Lair:2)
  3 hounds
  4 orc priests
  A jelly (D:8)
  3 gnoll boudas
  A sleepcap (D:4)
  6 orc wizards
  2 iguanas
  Ijyb (D:4)
  5 hell rats (Lair:2)
  15 gnolls
  5 adders
  15 white imps
  2 ufetubi
  3 dart slugs
  20 orcs
  3 endoplasms
  7 giant cockroaches
  10 goblins
  7 hobgoblins
  2 jackals (D:3)
  4 quokkas
  12 ball pythons
  8 bats
  3 frilled lizards
  26 kobolds
  5 rats
356 creatures vanquished.

Vanquished Creatures (collateral kills)
  A steam dragon (D:8)
  A yak (D:11)
2 creatures vanquished.

Vanquished Creatures (others)
  14 fungi
  20 plants
34 creatures vanquished.

Grand Total: 392 creatures vanquished

Notes
Turn   | Place    | Note
-------+----------+-------------------------------------------
     0 | D:1      | jasper the Hill Orc Cinder Acolyte began the quest for the
                  | Orb.
     0 | D:1      | Reached XP level 1. HP: 19/19 MP: 2/2
    91 | D:1      | Reached XP level 2. HP: 26/26 MP: 3/3
   314 | D:1      | Reached skill level 5 in Axes
   659 | D:1      | Reached XP level 3. HP: 31/31 MP: 4/4
   993 | D:2      | Reached skill level 6 in Axes
  1302 | D:2      | Reached XP level 4. HP: 37/39 MP: 5/5
  1477 | D:2      | Found a faded altar of an unknown god.
  1777 | D:3      | Noticed a kobold brigand
  1791 | D:3      | Killed a kobold brigand
  1792 | D:3      | Reached skill level 7 in Axes
  1792 | D:3      | Reached XP level 5. HP: 18/45 MP: 6/6
  1991 | D:3      | Found a glowing golden altar of the Shining One.
  2179 | D:3      | Found Bemu's Jewellery Shoppe.
  2514 | D:4      | Reached skill level 8 in Axes
  2539 | D:4      | Noticed an ogre
  2549 | D:4      | Killed an ogre
  2550 | D:4      | Reached XP level 6. HP: 42/51 MP: 7/7
  2551 | D:4      | Reached skill level 9 in Axes
  2604 | D:4      | Noticed Duvessa
  2604 | D:4      | Noticed Dowan
  2604 | D:4      | Noticed Ijyb
  2619 | D:4      | Killed Duvessa
  2629 | D:4      | Killed Dowan
  2630 | D:4      | Reached skill level 10 in Axes
  2755 | D:4      | Killed Ijyb
  2756 | D:4      | Reached XP level 7. HP: 53/57 MP: 8/8
  2809 | D:4      | Reached skill level 1 in Throwing
  3000 | D:4      | Reached skill level 1 in Evocations
  3056 | D:4      | Found an opulent altar of Gozag.
  3452 | D:5      | Entered Level 5 of the Dungeon
  3578 | D:5      | Reached XP level 8. HP: 46/64 MP: 9/9
  3713 | D:5      | Noticed Exaltedone87's ghost (novice DsGl)
  3714 | D:5      | Found a transporter.
  3761 | D:5      | Reached skill level 5 in Evocations
  4235 | D:6      | Found an ornate altar of the Wu Jian Council.
  4238 | D:6      | Found an ancient bone altar of Kikubaaqudgha.
  4238 | D:6      | Noticed Sigmund
  4315 | D:6      | Killed Sigmund
  4335 | D:6      | Reached skill level 1 in Armour
  4425 | D:6      | Found a glowing drain.
  4447 | Sewer    | Entered a sewer
  4530 | Sewer    | Reached skill level 11 in Axes
  4855 | D:6      | Found a staircase to the Ecumenical Temple.
  4917 | D:6      | Reached XP level 9. HP: 73/73 MP: 10/10
  4926 | D:6      | Reached skill level 5 in Fighting
  5809 | D:7      | Identified the +1 dagger of Cheibriados, Threshing {freeze,
                  | rCorr Int-3 Dex-2 SInv}
  5827 | D:7      | Reached skill level 12 in Axes
  6479 | D:7      | Noticed a sixfirhy
  6482 | D:7      | Found a runed translucent door.
  6570 | D:7      | Found Xiupnus's Neck Hole.
  6573 | D:7      | Bought a +0 cloak for 49 gold pieces
  6712 | D:8      | Reached skill level 13 in Axes
  6720 | D:8      | Reached skill level 5 in Armour
  6965 | D:8      | Found a staircase to the Lair.
  6986 | D:8      | Identified the +3 pair of boots "Gevif" {Regen+ Stlth+}
  7105 | D:8      | Reached XP level 10. HP: 77/84 MP: 11/11
  7144 | D:8      | Found a stormy altar of Qazlal.
  7202 | D:8      | Found Echuede's Book Emporium.
  7818 | D:8      | Noticed a two-headed ogre
  7827 | D:8      | Killed a two-headed ogre
  7828 | D:8      | Reached skill level 14 in Axes
  8142 | D:9      | Noticed Pikel
  8182 | D:9      | Killed Pikel
  8183 | D:9      | Reached skill level 1 in Dodging
  8198 | D:9      | Found a shadowy altar of Dithmenos.
  8210 | D:9      | Found a hazy altar of Hepliaklqana.
  8386 | D:9      | Noticed a centaur warrior
  8400 | D:9      | Killed a centaur warrior
  8508 | D:9      | Noticed Gastronok
  8528 | D:10     | Entered Level 10 of the Dungeon
  8586 | D:10     | Reached XP level 11. HP: 80/97 MP: 12/12
  8909 | D:3      | Bought a +4 ring of protection for 432 gold pieces
  9223 | D:10     | Reached skill level 10 in Fighting
  9223 | D:10     | Reached skill level 15 in Axes
  9351 | D:10     | Noticed a two-headed ogre
  9361 | D:10     | Killed a two-headed ogre
  9624 | D:11     | Found a staircase to the Orcish Mines.
  9722 | D:11     | Noticed Psyche
  9739 | D:11     | Killed Psyche
  9847 | D:11     | Noticed a boulder beetle
  9851 | D:11     | Noticed a centaur warrior
  9881 | D:11     | Killed a centaur warrior
  9957 | D:11     | Killed a boulder beetle
 10045 | D:11     | Noticed Nergalle
 10071 | D:11     | Noticed a spectral orc warlord
 10071 | D:11     | Killed Nergalle
 10491 | D:11     | Noticed a white ugly thing
 10493 | D:11     | Noticed a cyclops
 10504 | D:11     | Killed a white ugly thing
 10505 | D:11     | Reached skill level 16 in Axes
 10507 | D:11     | Killed a cyclops
 10508 | D:11     | Reached XP level 12. HP: 77/110 MP: 13/13
 10805 | D:9      | Killed Gastronok
 10924 | D:9      | Found a white marble altar of Elyvilon.
 11226 | D:9      | Found Wossy's Assorted Antiques.
 11505 | Lair:1   | Entered Level 1 of the Lair of Beasts
 11798 | Lair:1   | Noticed Erica
 11809 | Lair:1   | Killed Erica
 12526 | Lair:2   | Reached skill level 5 in Dodging
 12691 | Lair:2   | Noticed a five-headed hydra
 12702 | Lair:2   | Killed a one-headed hydra
 12767 | Lair:2   | Reached XP level 13. HP: 74/123 MP: 14/14
 12786 | Lair:2   | Reached skill level 10 in Armour
 12843 | Lair:2   | Found a frozen archway.
 12885 | IceCv    | Entered an ice cave
 13711 | Lair:3   | Found a staircase to the Swamp.
 14338 | Lair:4   | Reached skill level 15 in Fighting
 14451 | Lair:4   | Found a staircase to the Slime Pits.
 15130 | Lair:4   | HP: 6/127 [poisoned by a cane toad]
 15522 | Orc:1    | Entered Level 1 of the Orcish Mines
 15609 | D:11     | HP: 1/128 [ogre/+0 giant club (9)]
 15611 | D:11     | Mangled by a two-headed ogre

Illustrated notes

Levels and vault maps discovered:
D:1:      co_arrival_square_in_a_square_in_a_square, layout_basic,
          minmay_distorted
D:2:      layout_basic, shapermc_ecumenical_altar_flowoftime,
          minmay_misc_feat_rows, kennysheep_generic_room_11
D:3:      layout_rooms, nicolae_overflow_crystal_walls, serial_shops, shop,
          minivault_25, grunt_decor_mini_mirrors, dreamdust_mushroom_princess
D:4:      layout_cave_pools, mainiacjoe_overflow_paths, corexii_corridor_pit,
          uniq_duvessa, uniq_ijyb
D:5:      layout_rooms, gammafunk_ghost_smash, hex_intersection,
          kennysheep_generic_room_7
D:6:      layout_loops_ring, mainiacjoe_overflow_catwalk_spiral,
          minmay_temple_entry_nine_rooms, portal_sewer_entry_d,
          grunt_decor_clamped, uniq_sigmund
D:7:      cheibrodos_shockbox, layout_loops_ring,
          nicolae_shop_sticking_my_neck_out
D:8:      layout_layer_cave, nicolae_qazlal_beasts_of_the_sky,
          hellmonk_lair_entry_icy, enter_bailey_3, serial_shops,
          nicolae_shop_real_fake_doors
D:9:      layout_stronghold, riverfiend_overflow_shadow_ancestor,
          amcnicky_altar_gilded, serial_shops, kennysheep_mini, uniq_gastronok,
          uniq_pikel
D:10:     layout_roguey, kennysheep_generic_room_13
D:11:     layout_gridville, minmay_orc_entry_guard_dogs,
          kennysheep_small_spiral, uniq_psyche, uniq_nergalle
Lair:1:   layout_concentric_octagons, infiniplex_staircase_pool_2,
          grunt_megastairs_3, uniq_erica
Lair:2:   layout_gridlike, gauntlet_entry_generic, portal_ice_cave_entry_imps,
          st_stairs_5, grunt_megastairs_4, lemuel_fruit_tree,
          serial_bayou_shore_a
Lair:3:   layout_chaotic_city, minmay_swamp_entry_eels,
          nicolae_spider_entry_non_spiders, lemuel_fruit_fields
Lair:4:   layout_cave_pods, slime_entry_1
Orc:1:    layout_diamond_mine, basic_altar

Skill      XL: |  1  2  3  4  5  6  7  8  9 10 11 12 13 |
---------------+----------------------------------------+-----
Axes           | 5 6 7 8 10 11 13 14 16 | 16.8
Throwing       | 2 |  2.0
Evocations     | 4 6 |  6.0
Fighting       | 4 6 9 11 13 15 | 15.6
Armour         | 2 5 6 8 9 10 | 10.9
Dodging        | 2 3 5 6 |  6.8
Spellcasting   | |  1.0
Fire Magic     | |  3.2

Action                     |  1- 3 |  4- 6 |  7- 9 | 10-12 | 13-15 || total
---------------------------+-------+-------+-------+-------+-------++-------
  Melee: Hand axe          |   110 |   116 |   336 |   103 |       ||   665
         Punch             |       |       |     4 |    10 |     2 ||    16
         War axe           |       |       |       |   548 |   318 ||   866
  Throw: Stone             |    15 |     9 |       |       |       ||    24
         Boomerang         |       |    12 |     4 |    15 |     1 ||    32
         Dart              |       |     3 |       |       |     6 ||     9
 Invoke: Fiery Armour      |     2 |     3 |     6 |     2 |       ||    13
         Rising Flame      |       |       |       |     1 |       ||     1
  Evoke: Wand              |       |       |    10 |    18 |     4 ||    32
         Phantom mirror    |       |       |       |     2 |     1 ||     3
   Stab: Distracted        |       |       |       |     1 |       ||     1
         Petrified         |       |       |       |       |     4 ||     4
 Armour: Robe              |    14 |       |       |       |       ||    14
         Leather armour    |    25 |    16 |       |       |       ||    41
         Chain mail        |       |    38 |   173 |       |       ||   211
         Plate armour      |       |       |    41 |   456 |   276 ||   773
  Dodge: Dodged            |    72 |    52 |   135 |   197 |   129 ||   585
